 Dungeon Crawl Stone Soup version 0.27.1 (webtiles) character file.

Game seed: 2250183065430428704

80 Kala the Firebug (level 4, 0/33 HPs)
             Began as a Hill Orc Fire Elementalist on Sept 2, 2021.
             Succumbed to a kobold's poison
             ... on level 3 of the Dungeon on Sept 3, 2021.
             The game lasted 00:17:14 (2702 turns).

Kala the Firebug (Hill Orc Fire Elementalist)       Turns: 2702, Time: 00:17:15

Health: 0/33       AC:  3    Str: 10    XL:     4   Next: 39%
Magic:  1/6        EV: 12    Int: 16    God:
Gold:   134        SH:  0    Dex: 11    Spells: 3/6 levels left

rFire    . . .     SeeInvis .   (no weapon)
rCold    . . .     Faith    .   (no shield)
rNeg     . . .     Spirit   .   a - +0 robe
rPois    .         Reflect  .   c - +0 helmet
rElec    .         Harm     .   (no cloak)
rCorr    .         Rampage  .   (no gloves)
Will     .....                  (no boots)
Stlth    ++........             (no amulet)
HPRegen  0.11/turn              b - ring of flight
MPRegen  0.10/turn              (no ring)

@: lethally poisoned (0 -> -1), flying
A: no striking features
a: no special abilities


You were on level 3 of the Dungeon.
You visited 1 branch of the dungeon, and saw 3 of its levels.

You collected 134 gold pieces.

Inventory:

Armour
 a - a +0 robe (worn)
 c - a +0 helmet (worn)
Jewellery
 b - a ring of flight (left hand)
Scrolls
 e - 3 scrolls of identify {unknown}
 j - a scroll of enchant weapon {unknown}
Potions
 d - 2 potions of lignification {unknown}
 f - a potion of brilliance {unknown}
 g - 2 potions of attraction {unknown}
 h - a potion of degeneration {unknown}
 i - a potion of invisibility {unknown}


   Skills:
 + Level 1.9 Dodging
 - Level 1.5 Stealth
 - Level 1.5 Spellcasting
 * Level 2.5 Conjurations
 + Level 4.5 Fire Magic


You had 3 spell levels left.
You knew the following spells:

 Your Spells              Type           Power      Damage    Failure   Level
a - Foxfire               Conj/Fire      48%        2x1d6     4%          1
b - Searing Ray           Conj           18%        3d3       12%         2

Your spell library contained the following spells:

 Spells                   Type           Power      Damage    Failure   Level
 Conjure Flame            Conj/Fire      12%        6-21      16%         3
 Animate Skeleton         Necr           2%         N/A       22%         1
 Apportation              Tloc           2%         N/A       22%         1
 Corona                   Hex            1%         N/A       22%         1
 Summon Small Mammal      Summ           4%         N/A       22%         1
 Inner Flame              Hex/Fire       8%         N/A       26%         3
 Blink                    Tloc           N/A        N/A       32%         2
 Lesser Beckoning         Tloc           0%         N/A       54%         3
 Sticky Flame             Conj/Fire      12%        2d4       45%         4
 Fireball                 Conj/Fire      6%         3d5       80%         5
 Freezing Cloud           Conj/Ice/Air   1%         6-21      99%         5
 Manifold Assault         Tloc           1%         N/A       99%         5


Dungeon Overview and Level Annotations

Branches:
Dungeon (3/15)

Altars:
Sif Muna

Annotations:
D:3 3 runed translucent doors, Mizzrym's ghost, amateur DsGl


Message History

The kobold throws a stone.
The stone barely misses you.
The orc throws a boomerang of dispersal.
The boomerang of dispersal barely misses you.
Mizzrym's ghost turns its malevolent gaze towards you.
The orc throws a boomerang of dispersal.
The boomerang of dispersal closely misses you.
The orc throws a boomerang of dispersal.
The boomerang of dispersal hits you.
You blink.
An endoplasm comes into view.
You are too injured to fight recklessly!
Casting: Foxfire (safe; 4% risk of failure)
Confirm with . or Enter, or press ? or * to list all spells.
You conjure some foxfire!
The endoplasm quivers.
A bat comes into view.
The kobold throws a poisoned dart.
The poisoned dart hits you!
You are poisoned.
The orc throws a boomerang of dispersal.
The boomerang of dispersal hits you.
You blink.
Found a scroll labelled QALAYFREEF.
You feel very sick.
* * * LOW HITPOINT WARNING * * *
You feel sick.
You reach down and open the door.
* * * LOW HITPOINT WARNING * * *
You feel sick. The bat closely misses you.
* * * LOW HITPOINT WARNING * * *
You feel sick. The bat hits you but does no damage.
There is an open door here.
* * * LOW HITPOINT WARNING * * *
You feel sick. The bat barely misses you.
* * * LOW HITPOINT WARNING * * *
You feel sick. The bat hits you but does no damage.
* * * LOW HITPOINT WARNING * * *
You feel sick. The bat barely misses you. The bat hits you.
* * * LOW HITPOINT WARNING * * *
* * * LOW HITPOINT WARNING * * *
You feel sick. The bat closely misses you. x2
There is an open door here.
You die...

.###.#..#.#####.# #. ..
#........... #.## #..#.#####.#
####.#####..#.# ..
o.........$.#.## .#
###.##....(...+ ..#
#.##...###+##...#
#.##...#.......###
##.@'bJ.'..........
##############...#...#.......###
.................#...#..........
##############...#####.?...###..
#...# #####.## . #...# #..v..#
... #...# #..v§.# ... #.).#
#..!..##.. #..K# ###.....#


You could see an endoplasm and a bat.

Vanquished Creatures
  2 adders (D:2)
  4 dart slugs
  5 endoplasms
  A giant cockroach (D:2)
  5 goblins
  5 hobgoblins
  4 jackals (D:2)
  4 kobolds
  2 quokkas
  6 ball pythons
  4 bats
  2 frilled lizards
  5 rats
49 creatures vanquished.

Vanquished Creatures (others)
  156 foxfires
156 creatures vanquished.

Grand Total: 205 creatures vanquished

Notes
Turn   | Place    | Note
-------+----------+-------------------------------------------
     0 | D:1      | Kala the Hill Orc Fire Elementalist began the quest for the
                  | Orb.
     0 | D:1      | Reached XP level 1. HP: 14/14 MP: 3/3
    71 | D:1      | Found a faded altar of an unknown god.
   327 | D:1      | Reached XP level 2. HP: 14/20 MP: 0/4
   458 | D:1      | Got the Grimoire of Flamy Conjuration
   462 | D:1      | Learned a level 2 spell: Searing Ray
   677 | D:1      | Reached skill level 4 in Fire Magic
  1027 | D:2      | Reached XP level 3. HP: 26/26 MP: 0/5
  1545 | D:2      | Found a shimmering blue altar of Sif Muna.
  2145 | D:2      | Reached XP level 4. HP: 33/33 MP: 1/6
  2688 | D:3      | Found a runed translucent gate.
  2688 | D:3      | Found a runed translucent gate.
  2688 | D:3      | Found a runed translucent gate.
  2689 | D:3      | Noticed Mizzrym's ghost (amateur DsGl)
  2701 | D:3      | HP: 1/33 [poisoned by a kobold]
  2702 | D:3      | Succumbed to a kobold's poison

Illustrated notes

Levels and vault maps discovered:
D:1:      minmay_arrival_stone_box, layout_basic, ebering_ecumenical_altar_webs
D:2:      layout_basic, basic_altar, minmay_puff
D:3:      layout_basic, gammafunk_ghost_split, mrwooster_statue_mirror

Skill      XL: |  1  2  3 |
---------------+----------+-----
Fire Magic     | 4 |  4.5
Conjurations   | 2 |  2.5
Dodging        | |  1.9
Stealth        | |  1.5
Spellcasting   | |  1.5

Action                   |  1- 3 |  4- 6 || total
-------------------------+-------+-------++-------
Melee: Unarmed           |     9 |       ||     9
 Cast: Foxfire           |    63 |    32 ||    95
Armor: Robe              |     8 |     3 ||    11
Dodge: Dodged            |    20 |    20 ||    40
